 Dungeon Crawl Stone Soup version 0.32-a0-411-g744942f433 (webtiles) character file.

Game seed: 9330555007958973194

57 shadowstone the Changeling (level 4, 0/28 HPs)
             Began as an Octopode Shapeshifter on Feb 20, 2024.
             Slain by a rat (3 damage)
             ... on level 2 of the Dungeon.
             The game lasted 00:02:16 (985 turns).

shadowstone the Changeling (Octopode Shapeshifter)   Turns: 985, Time: 00:02:17

Health: 0/28       AC:  1    Str: 15    XL:     4   Next: 0%
Magic:  4/4        EV: 13    Int: 12    God:
Gold:   55         SH:  0    Dex: 11    Spells: 3/3 levels left

rFire   . .          .
                       - Unarmed
rCold   . . .        (no shield)
rNeg    . . .        (helmet currently unavailable)
rPois   .            (no amulet)
rElec   .            (no ring)
rCorr   .            (no ring)
SInv    .            (no ring)
Will    .....        (no ring)
Stlth   ++           (no ring)
HPRegen 0.24/turn    (no ring)
MPRegen 0.09/turn    (no ring)
                     (no ring)

%: no passive effects
@: beast-form
A: beast (slay +2), almost no armour, amphibious, 8 rings, camouflage 1,
gelatinous body 1, (nimble swimmer 1), tentacles
a: Begin Untransformation


You were on level 2 of the Dungeon.
You were a hulking beast.
You visited 1 branch of the dungeon, and saw 2 of its levels.

You collected 55 gold pieces.

Inventory:

Missiles
 e - 4 poisoned darts (quivered)
Talismans
 b - a beast talisman (active)
 c - a flux talisman
Scrolls
 d - a scroll of amnesia {unknown}
 g - a scroll of vulnerability {unknown}
Potions
 a - 2 potions of lignification
 f - a potion of attraction {unknown}


   Skills:
 + Level 1.0 Fighting
 + Level 2.5 Dodging
 + Level 3.6 Unarmed Combat
 + Level 3.7 Shapeshifting


You had 3 spell levels left.
You didn't know any spells.
Your spell library was empty.

Dungeon Overview and Level Annotations

Branches:
Dungeon (2/15)

Altars:


Innate Abilities, Weirdness & Mutations

You are a hulking beast.
Your limbs bulge with bestial killing power. (Slay +2)
You cannot wear most types of armour.
You are amphibious.
You can wear up to eight rings at the same time.
Your skin changes colour to match your surroundings (Stealth+).
Your rubbery body absorbs attacks. (AC +1, EV +1)
((You are camouflaged when in or above water. (Stealth+)))
You have tentacles for arms and can constrict up to eight enemies at once.


Message History

You tentacle-slap the jackal.
You kill the jackal!
The jackal barely misses you.
You tentacle-slap the jackal.
You kill the jackal!
A nearby plant withers and dies.
The jackal closely misses you. The quokka barely misses you.
An endoplasm comes into view.
A rat comes into view.
The kobold misses you. The jackal bites you. The quokka bites you.
The endoplasm moves out of view.
There is a stone staircase leading down here.
You see here a jackal corpse.
You barely miss the quokka. Your grab misses the quokka.
The jackal bites you but does no damage.
The jackal bites you. The kobold hits you with a +0 dagger.
The quokka barely misses you. The jackal bites you.
The jackal bites you but does no damage.
You miss the quokka. Your grab misses the quokka.
A nearby plant withers and dies.
The kobold barely misses you. The quokka closely misses you.
The jackal bites you. The jackal barely misses you.
You tentacle-slap the quokka.
You kill the quokka!
The jackal closely misses you. The kobold hits you with a +0 dagger.
* * * LOW HITPOINT WARNING * * *
The jackal bites you.
* * * LOW HITPOINT WARNING * * *
You barely miss the jackal. You grab the jackal.
Your squeeze misses the jackal.
You constrict the jackal, but do no damage.
The jackal barely misses you. The jackal closely misses you.
The kobold barely misses you. The jackal barely misses you.
You tentacle-slap the jackal.
You kill the jackal!
The jackal barely misses you. The kobold closely misses you.
The jackal barely misses you.
You have reached level 4!
You closely miss the kobold. You grab the kobold. You constrict the kobold.
The kobold misses you. The rat bites you.
You die...

§♣♣.# ###..
.♣.# ....
♣♣P.##..#
♣...#..#
♣.♣♣P♣....#
♣...#..#.#
♣<.[#.#
♣♣h...#
♣.†h†.#
♣.♣rK..#
♣P......#
♣♣P..#....
........##.
.♣.P..#...
.. . ♣P(..
..## #
♣P♣.. ..#


You could see a jackal, a kobold and a rat.

Vanquished Creatures
  A dart slug (D:1)
  3 bats (D:1)
  3 endoplasms (D:1)
  A giant cockroach (D:1)
  A goblin (D:1)
  4 hobgoblins (D:1)
  3 jackals (D:2)
  3 kobolds (D:1)
  4 quokkas
  3 ball pythons (D:1)
  A frilled lizard (D:1)
  2 rats (D:1)
29 creatures vanquished.

Notes
Turn   | Place    | Note
-------+----------+-------------------------------------------
     0 | D:1      | shadowstone the Octopode Shapeshifter began the quest for
                  | the Orb.
     0 | D:1      | Reached XP level 1. HP: 13/13 MP: 1/1
    70 | D:1      | Reached XP level 2. HP: 14/18 MP: 2/2
   251 | D:1      | Reached XP level 3. HP: 18/23 MP: 3/3
   985 | D:2      | Reached XP level 4. HP: 3/28 MP: 4/4
   985 | D:2      | Slain by a rat

Illustrated notes

Levels and vault maps discovered:
D:1:      dpeg_arrival_castle, layout_basic
D:2:      wad_woods_stonehenge, layout_basic

Action                     |  1- 3 |  4- 6 || total
---------------------------+-------+-------++-------
  Melee: Unarmed           |    61 |     1 ||    62
         Tentacles         |    12 |       ||    12
         Constrict         |    16 |     1 ||    17
   Stab: Sleeping          |     1 |       ||     1
 Armour: Skin              |    48 |     1 ||    49
  Dodge: Dodged            |    68 |     1 ||    69

Table legend: (Time is in decaauts)
 A = Elapsed time spent in this place.
 B = Non-inter-level travel time spent in this place.
 C = Inter-level travel time spent in this place.
 D = Time resting spent in this place.
 E = Time spent auto-exploring this place.
 F = Levels seen in this place.
 G = Mean time per level.
                   A        B        C        D        E       F      G
               +--------+--------+--------+--------+--------+-----+--------+
         Total |    981 |    964 |     17 |    216 |    346 |   2 |  490.5 |
       Dungeon |    981 |    964 |     17 |    216 |    346 |   2 |  490.5 |
               +--------+--------+--------+--------+--------+-----+--------+

Top non-repeatable levels by time:
     D:1: 968 daAuts
     D:2: 12 daAuts
